 Dungeon Crawl Stone Soup version 0.30-a0-760-g5a9884bb7c (webtiles) character file.

Game seed: 12369099598335000682

250 Aneyh the Trooper (level 6, 0/42 HPs)
             Began as a Tengu Monk on Feb 11, 2023.
             Slain by Edmund
             ... wielding a +1 flail of venom
              (4 damage)
             ... on level 4 of the Dungeon.
             The game lasted 00:06:17 (2808 turns).

Aneyh the Trooper (Tengu Monk)                      Turns: 2808, Time: 00:06:18

Health: 0/42       AC:  5    Str: 14    XL:     6   Next: 13%
Magic:  7/7        EV: 15    Int: 10    God:
Gold:   198        SH:  0    Dex: 16    Spells: 5/5 levels left

rFire   . . .      SeeInvis .    z - +0 war axe
rCold   + . .      Faith    .    (no shield)
rNeg    . . .      Spirit   .    y - +2 robe of Wisdom {*Corrode rElec rC+ Archmagi}
rPois   .          Reflect  .    (helmet restricted)
rElec   +          Harm     .    p - +0 cloak
rCorr   .          Rampage  .    (no gloves)
Will    .....      Archmagi +    (boots unavailable)
Stlth   ++                       (no amulet)
HPRegen 0.27/turn                (no ring)
MPRegen 0.10/turn                (no ring)

@: flying quickly and evasively, quick
A: beak, talons 3, nimble flight
a: no special abilities


You were on level 4 of the Dungeon.
You visited 1 branch of the dungeon, and saw 4 of its levels.

You collected 198 gold pieces.

Inventory:

Hand Weapons
 a - a +0 spear
 z - a +0 war axe (weapon)
Armour
 b - a +0 robe
 p - a +0 cloak (worn)
 y - the +2 robe of Wisdom (worn) {*Corrode rElec rC+ Archmagi}
   (You found it on level 4 of the Dungeon)

   rC:        It protects you from cold.
   rElec:     It insulates you from electricity.
   *Corrode:  It may corrode you when you take damage.
   Archmagi:  It increases the power of your magical spells.
Scrolls
 d - 2 scrolls of blinking {unknown}
 e - 2 scrolls of identify {unknown}
 f - 2 scrolls of noise {unknown}
 i - a scroll of silence {unknown}
 j - a scroll of enchant armour {unknown}
 k - 3 scrolls of immolation {unknown}
 n - a scroll of teleportation {unknown}
 o - a scroll of fear {unknown}
 t - a scroll of fog {unknown}
 w - a scroll of magic mapping {unknown}
Potions
 g - a potion of invisibility {unknown}
 h - a potion of attraction {unknown}
 l - a potion of heal wounds {unknown}
 m - a potion of haste {unknown}
 q - a potion of lignification {unknown}
 r - 2 potions of magic {unknown}
 s - 2 potions of mutation {unknown}
 u - 2 potions of might {unknown}
 v - a potion of flight {unknown}
 x - a potion of curing {unknown}


   Skills:
 + Level 6.7 Fighting
 - Level 3.2 Polearms
 - Level 3.2 Dodging
 - Level 2.0 Stealth


You had 5 spell levels left.
You didn't know any spells.
Your spell library was empty.

Dungeon Overview and Level Annotations

Branches:
Dungeon (4/15)
 Temple: D:4-7

Altars:
Dithmenos
Fedhas
Gozag
Vehumet

Shops:
D:1 [   D:4 *!:

Annotations:
D:4 Edmund


Innate Abilities, Weirdness & Mutations

You have a beak for a mouth.
You have claws for feet.
Your magical nature lets you fly swiftly and evasively.


Message History

Edmund hits you with a +1 flail of venom!
You are poisoned.
Edmund hits you with a +1 flail of venom.
You are lethally poisoned!
* * * LOW HITPOINT WARNING * * *
You feel very sick.
* * * LOW HITPOINT WARNING * * *
You feel very sick.
* * * LOW HITPOINT WARNING * * *
You feel very sick.
* * * LOW HITPOINT WARNING * * *
You feel very sick.
You are confused.
You feel invigorated.
* * * LOW HITPOINT WARNING * * *
You feel sick.
You feel sick.
You feel sick.
You feel sick. Edmund closely misses you.
You bump into the rock wall.
You feel sick. Edmund misses you.
You barely miss Edmund. You claw Edmund, but do no damage.
Edmund is severely wounded.
You feel less invigorated.
You feel less confused.
You feel sick. Edmund closely misses you. Edmund barely misses you.
You hit Edmund.
Edmund is severely wounded.
You feel sick.
You are no longer poisoned.
Edmund barely misses you.
You hit Edmund but do no damage. You claw Edmund.
Edmund is almost dead.
Edmund hits you with a +1 flail of venom!
* * * LOW HITPOINT WARNING * * *
You hit Edmund. You claw Edmund. You peck Edmund, but do no damage.
Edmund is almost dead.
Edmund hits you with a +1 flail of venom.
* * * LOW HITPOINT WARNING * * *
Edmund hits you with a +1 flail of venom.
You die...

.#.# #.. .#.# #.# .#.### #.#
.....# #.# .#.#.#
################.# .....###
#............@.... .......#######
#.#############...
.#.#.........###.######..|.......
.#.#.#.#####...@@.....'..........
.....#.# #####.######....######
...###@# #.# #....#
#......####### #.# #....#
#..#.........# #.######....#
...#....####.# #<..........#
...#.##...##.####.#####....##
.∩.#........................#
...##############...##....###


You could see Edmund.

Vanquished Creatures
  Pargi (D:3)
  A howler monkey (D:4)
  Natasha (twice) (D:2)
  An adder (D:2)
  A worm (D:4)
  4 dart slugs
  An orc (D:3)
  3 bats
  4 endoplasms
  2 giant cockroaches
  A goblin (D:1)
  5 hobgoblins
  4 jackals (D:3)
  3 quokkas
  4 ball pythons
  2 frilled lizards (D:1)
  2 kobolds (D:2)
  7 rats
48 creatures vanquished.

Notes
Turn   | Place    | Note
-------+----------+-------------------------------------------
     0 | D:1      | Aneyh the Tengu Monk began the quest for the Orb.
     0 | D:1      | Reached XP level 1. HP: 14/14 MP: 2/2
    80 | D:1      | Found Zaipt's Armour Boutique.
   181 | D:1      | Reached XP level 2. HP: 19/19 MP: 3/3
   557 | D:1      | Reached skill level 4 in Fighting
   810 | D:2      | Reached XP level 3. HP: 16/24 MP: 4/4
   959 | D:2      | Noticed Natasha
   967 | D:2      | Killed Natasha
   968 | D:2      | Reached XP level 4. HP: 12/30 MP: 5/5
  1085 | D:2      | Found a shadowy altar of Dithmenos.
  1256 | D:2      | Noticed Natasha
  1265 | D:2      | Killed Natasha
  1266 | D:2      | Reached skill level 5 in Fighting
  1403 | D:3      | Found a radiant altar of Vehumet.
  1403 | D:3      | Found a blossoming altar of Fedhas.
  1403 | D:3      | Found an opulent altar of Gozag.
  1667 | D:3      | Noticed Pargi
  1684 | D:3      | Killed Pargi
  1685 | D:3      | Reached skill level 6 in Fighting
  1685 | D:3      | Gained mutation: Your magical nature lets you fly swiftly
                  | and evasively. [Tengu growth]
  1685 | D:3      | Reached XP level 5. HP: 3/36 MP: 6/6
  2119 | D:4      | Found Getaurav's Assorted Antiques.
  2143 | D:4      | Reached XP level 6. HP: 33/42 MP: 7/7
  2221 | D:4      | Found Hiegugum's Distillery.
  2359 | D:4      | Found Xumit's Book Shop.
  2360 | D:4      | Identified the +2 robe of Wisdom {*Corrode rElec rC+
                  | Archmagi}
  2395 | D:4      | Noticed Edmund
  2799 | D:4      | HP: 2/42 [poisoned by Edmund]
  2808 | D:4      | Slain by Edmund

Illustrated notes

Levels and vault maps discovered:
D:1:      kennysheep_arrival_seaside, layout_loops_ring, serial_shops,
          nicolae_shop_trees
D:2:      layout_basic, basic_altar, hangedman_decor_peaks_small, minmay_tall_x,
          uniq_natasha
D:3:      layout_basic, gammafunk_temple_overflow_claw, uniq_pargi
D:4:      layout_basic, serial_shops, nicolae_shop_crystal, shop, shop,
          chequers_serial_rivers_micro_a, uniq_edmund

Skill      XL: |  1  2  3  4 |
---------------+-------------+-----
Fighting       | 4 6 |  6.7
Polearms       | |  3.2
Dodging        | |  3.2
Stealth        | |  2.0

Action                     |  1- 3 |  4- 6 || total
---------------------------+-------+-------++-------
  Melee: Spear             |    68 |   106 ||   174
         Kick              |    17 |    29 ||    46
         Peck              |     5 |    18 ||    23
         Punch             |       |     1 ||     1
         War axe           |       |     9 ||     9
         Unarmed           |       |     2 ||     2
    Use: Potion            |       |     1 ||     1
   Stab: Sleeping          |     8 |     8 ||    16
 Armour: Robe              |     9 |    20 ||    29
  Dodge: Dodged            |    25 |    40 ||    65

Table legend: (Time is in decaauts)
 A = Elapsed time spent in this place.
 B = Non-inter-level travel time spent in this place.
 C = Inter-level travel time spent in this place.
 D = Time resting spent in this place.
 E = Time spent auto-exploring this place.
 F = Levels seen in this place.
 G = Mean time per level.
                   A        B        C        D        E       F      G
               +--------+--------+--------+--------+--------+-----+--------+
         Total |   2721 |   2642 |     79 |    398 |   1622 |   4 |  680.2 |
       Dungeon |   2721 |   2642 |     79 |    398 |   1622 |   4 |  680.2 |
               +--------+--------+--------+--------+--------+-----+--------+

Top non-repeatable levels by time:
     D:3: 818 daAuts
     D:1: 763 daAuts
     D:4: 574 daAuts
     D:2: 565 daAuts
